 Dungeon Crawl Stone Soup version 0.28-b1-25-g9875b3fc8c (webtiles) character file.

Game seed: 12654676500309438473

182 croobank the Conjurer (level 5, -3/37 HPs)
             Began as a Vampire Conjurer on Feb 1, 2022.
             Was an Initiate of Vehumet.
             Killed by nerve-wracking pain
             ... invoked by an orc priest
              (11 damage)
             ... on level 3 of the Dungeon.
             The game lasted 00:11:47 (2896 turns).

croobank the Conjurer (Vampire Conjurer)            Turns: 2896, Time: 00:11:48

Health: -3/37      AC:  2    Str:  6    XL:     5   Next: 35%
Magic:  2/9        EV: 12    Int: 23    God:    Vehumet [......]
Gold:   98         SH:  0    Dex: 12    Spells: 7/10 levels left

rFire   . . .      SeeInvis +   j - +1 falchion (freeze)
rCold   . . .      Faith    .   (no shield)
rNeg    . . .      Spirit   .   a - +0 robe
rPois   .          Reflect  .   (no helmet)
rElec   .          Harm     .   (no cloak)
rCorr   .          Rampage  .   (no gloves)
Will    .....                   (no boots)
Stlth   ++........              (no amulet)
HPRegen 0.32/turn               (no ring)
MPRegen 0.11/turn               (no ring)

@: healing quickly
A: alive, fangs 3, see invisible, vampiric 2
a: Exsanguinate, Renounce Religion


You were on level 3 of the Dungeon.
You worshipped Vehumet.
Vehumet was noncommittal.
You visited 1 branch of the dungeon, and saw 3 of its levels.

You collected 98 gold pieces.

Inventory:

Hand Weapons
 b - a +0 dagger
 j - a +1 falchion of freezing (weapon)
Missiles
 c - 59 stones
 e - 19 bolts
 f - 46 arrows
Armour
 a - a +0 robe (worn)
 g - a +0 scale mail
Jewellery
 m - a ring of resist corrosion
Scrolls
 l - a scroll of teleportation {unknown}
Potions
 d - a potion of attraction
 h - a potion of curing
 i - a potion of haste {unknown}
 k - a potion of invisibility {unknown}


   Skills:
 + Level 1.3 Fighting
 + Level 1.4 Short Blades
 + Level 3.1 Dodging
 + Level 3.1 Stealth
 + Level 3.0 Spellcasting
 + Level 3.8 Conjurations


You had 7 spell levels left.
You knew the following spells:

 Your Spells              Type           Power      Damage    Failure   Level
a - Magic Dart            Conj           84%        1d7       2%          1
b - Searing Ray           Conj           42%        2d6       3%          2

Your spell library contained the following spells:

 Spells                   Type           Power      Damage    Failure   Level
 Dazzling Flash           Conj/Hex       24%        N/A       16%         3
 Fulminant Prism          Conj/Hex       6%         3d7       45%         4
 Iskenderun's Mystic Bla  Conj/Tloc      12%        2d5       45%         4


Dungeon Overview and Level Annotations

Branches:
Dungeon (3/15)

Altars:
Vehumet

Annotations:
D:2 1 runed translucent door, Crazy Yiuf


Innate Abilities, Weirdness & Mutations

Your natural rate of healing is accelerated.
You have razor-sharp teeth.
You have supernaturally acute eyesight. (SInv)
You are afflicted with vampirism and can become a bat while bloodless.


Message History

Casting: Searing Ray (safe; 4% risk of failure)
Confirm with . or Enter, or press ? or * to list all spells.
Aiming: Searing Ray (safe; 4% risk of failure)
Press: ? - help, Shift-Dir - straight line, f - orc wizard
Aim: an orc wizard, wielding a +0 dagger and wearing a +0 robe (72% to hit)
The searing ray hits the orc wizard.
The orc wizard is heavily wounded. (Press . to maintain the ray.)
The orc priest invokes the aid of Beogh against you.
Beogh smites you!
The searing ray misses the orc wizard.
The searing ray hits the orc priest.
The orc priest is moderately wounded.
The orc priest begins to cast a cantrip, but forgets the words!
The orc wizard hits you with a +0 dagger.
The searing ray hits the orc wizard.
The orc wizard is severely wounded.
The searing ray hits the orc priest!
You kill the orc priest!
Vehumet accepts your kill.
The searing ray misses the orc priest.
The orc wizard gestures wildly while chanting.
The orc wizard flickers and vanishes for a moment.
Your Dodging skill increases to level 3!
Your Spellcasting skill increases to level 3!
You have reached level 5!
You feel clever.
The searing ray hits the orc wizard!
You kill the orc wizard!
Vehumet accepts your kill.
The searing ray hits the orc priest.
The orc priest is lightly wounded.
You finish channelling your searing ray.
The orc priest calls down the wrath of Beogh upon you.
Pain shoots through your body!
* * * LOW HITPOINT WARNING * * *
Okay, then.
Okay, then.
The orc priest calls down the wrath of Beogh upon you.
Pain shoots through your body!
You die...

#......##
#.###.<.....##########
#.....................
#.........>..>........
###.#.##.##.##.######.
#.#.####.†##.#
#.#.###...##.#
#####.#.##.....#.#
#.......@.........#
#.###.#.#......#..#
#..#.##....##..#
#.#..o..#)......#
..#.##)##.#..### .
#... ..# ...... ...
... . #.... #. ....
..## # #..#


You could see an orc priest.

Vanquished Creatures
  An orc priest (D:3)
  Natasha (D:2)
  An orc wizard (D:3)
  Robin (D:1)
  An adder (D:2)
  2 worms (D:2)
  A dart slug (D:1)
  An orc (D:3)
  3 ball pythons
  8 endoplasms
  3 giant cockroaches
  13 goblins
  10 hobgoblins
  3 jackals (D:1)
  6 kobolds
  2 quokkas
  5 bats
  2 frilled lizards (D:1)
  6 rats (D:1)
70 creatures vanquished.

Notes
Turn   | Place    | Note
-------+----------+-------------------------------------------
     0 | D:1      | croobank the Vampire Conjurer began the quest for the Orb.
     0 | D:1      | Reached XP level 1. HP: 13/13 MP: 3/3
    19 | D:1      | You fall into a shaft and drop 1 floor!
   182 | D:1      | Reached XP level 2. HP: 14/19 MP: 1/5
   315 | D:1      | Learned a level 2 spell: Searing Ray
   667 | D:1      | Gained mutation: You are afflicted with vampirism and can
                  | become a bat while bloodless. [Vampire growth]
   667 | D:1      | Reached XP level 3. HP: 24/24 MP: 2/6
  1260 | D:2      | Noticed Robin
  1407 | D:1      | Killed Robin
  1430 | D:1      | Reached XP level 4. HP: 21/31 MP: 0/7
  1504 | D:2      | Reached skill level 1 in Short Blades
  1569 | D:2      | Found a runed translucent door.
  1570 | D:2      | Noticed Crazy Yiuf
  1849 | D:2      | Reached skill level 1 in Fighting
  2213 | D:2      | Noticed Natasha
  2219 | D:2      | Killed Natasha
  2522 | D:2      | Found a radiant altar of Vehumet.
  2529 | D:2      | Became a worshipper of Vehumet
  2894 | D:3      | Reached XP level 5. HP: 21/37 MP: 2/9
  2896 | D:3      | Killed from afar by an orc priest

Illustrated notes

Levels and vault maps discovered:
D:1:      dpeg_arrival_pits, layout_basic
D:2:      layout_loops_corners, basic_altar, uniq_robin,
          uniq_crazy_yiuf_cottage, uniq_natasha
D:3:      layout_loops_ring, general_overflow_altar

Skill      XL: |  1  2  3  4 |
---------------+-------------+-----
Conjurations   | 3 |  3.8
Short Blades   | 1 |  1.4
Fighting       | 1 |  1.3
Dodging        | 3 |  3.1
Spellcasting   | 3 |  3.0
Stealth        | |  3.1

Action                   |  1- 3 |  4- 6 || total
-------------------------+-------+-------++-------
Melee: Dagger            |    87 |    19 ||   106
       Bite              |     6 |     1 ||     7
       Punch             |     2 |     1 ||     3
 Cast: Magic Dart        |    23 |     5 ||    28
       Searing Ray       |    19 |    14 ||    33
  Use: Scroll            |     1 |       ||     1
       Potion            |       |     1 ||     1
Armor: Robe              |    30 |     1 ||    31
Dodge: Dodged            |    81 |    19 ||   100
